AoeStats
← Křovák

Arabian Desert

509309653Analyzed
1v1 RM · 7d ago on Sep 26, 2026· 29m 30s· 2 players
Game mode
Random Map
Map size
Tiny (2 player)
Population
200
Speed
Normal
Resources
Standard
Victory
Conquest
Starting age
Dark Age
Ending age
Imperial Age
RankedLock teamsTeams togetherTeam positionsShared explorationLock speedFull tech treeHidden civsTurbo modeCheats
Victory
Defeat
🇨🇿 Ethiopians · Czechia
842
+17
🇪🇸 Bulgarians · Spain
870
-17
Křovák
8:04 Loom
11:17 Feudal Age
12:02 Double-Bit Axe
17:56 Fletching
17:56 Horse Collar
25:44 Castle Age
24:02 Padded Archer Armor
26:45 Bow Saw
26:44 Heavy Plow
26:16 Crossbowman
26:54 Bodkin Arrow
27:15 Leather Archer Armor
Lucas Grijander
1:17 Loom
1:43 Loom
12:03 Feudal Age
13:28 Wheelbarrow
17:02 Double-Bit Axe
22:12 Castle Age
25:11 Squires
Connection lost

Rejoining the realm…

Still unreachable

The connection could not be restored.

Session expired

The server has moved on; the page needs a fresh start.